 Dungeon Crawl Stone Soup version 0.21.1-68-g103a7afc0a (webtiles) character file.

6927 Pisosu the Cleaver (level 10, 90/90 HPs)
             Began as a Minotaur Fighter on Aug 2, 2018.
             Was a Priest of Trog.
             Quit the game on level 9 of the Dungeon.
             The game lasted 00:36:50 (9839 turns).

Pisosu the Cleaver (Minotaur Fighter)               Turns: 9839, Time: 00:36:50

Health: 90/90      AC: 11    Str: 23    XL:     10   Next: 80%
Magic:  9/9        EV:  7    Int:  5    God:    Trog [***...]
Gold:   486        SH: 18    Dex: 11    Spells: 9/9 levels left

rFire    + . .     SeeInvis .   l - +3 war axe (flame)
rCold    x . .     Gourm    .   h - +0 large shield
rNeg     + . .     Faith    .   b - +0 scale mail
rPois    .         Spirit   .   (helmet restricted)
rElec    .         Reflect  .   y - +0 cloak
rCorr    .         Harm     .   (no gloves)
MR       .....                  D - +0 pair of boots
Stlth    ..........             (no amulet)
HPRegen  0.25/turn              a - ring of fire
MPRegen  0.11/turn              g - ring of positive energy

@: no status effects
A: retaliatory headbutt, horns 2
a: Berserk, Trog's Hand, Burn Spellbooks, Renounce Religion


You were on level 9 of the Dungeon.
You worshipped Trog.
Trog was most pleased with you.
You were not hungry.

You visited 3 branches of the dungeon, and saw 11 of its levels.

You collected 486 gold pieces.

Inventory:

Hand Weapons
 l - a +3 war axe of flaming (weapon)
 x - a +3 quarterstaff of chaos
Armour
 b - a +0 scale mail (worn)
 h - a +0 large shield (worn)
 y - a +0 cloak (worn)
 D - a +0 pair of boots (worn)
Jewellery
 a - a ring of fire (left hand)
 g - a ring of positive energy (right hand)
Wands
 e - a wand of paralysis (13)
 t - a wand of iceblast (11)
 v - a wand of flame (13)
 F - a wand of polymorph (10)
 J - a wand of enslavement (8)
Scrolls
 i - 7 scrolls of identify
 p - 3 scrolls of remove curse
 u - a scroll of fog
 w - a scroll of teleportation
 C - a scroll of magic mapping
Potions
 d - 3 potions of might
 j - a potion of flight
 m - a potion of cancellation {unknown}
 q - 2 potions of magic {unknown}
 r - 3 potions of lignification {unknown}
 s - a potion of mutation
 z - 3 potions of brilliance {unknown}
 A - 2 potions of heal wounds
 B - 3 potions of curing {unknown}
 G - a potion of ambrosia {unknown}
 K - a potion of degeneration {unknown}
Comestibles
 f - 20 rations


   Skills:
 + Level 8.5 Fighting
 + Level 12.2 Axes
 + Level 9.6 Armour
 + Level 10.8 Shields
 + Level 0.4 Evocations


You had 9 spell levels left.
You didn't know any spells.

Dungeon Overview and Level Annotations

Branches:
Dungeon (9/15)             Temple (1/1) D:6            Lair (1/6) D:9
    Orc: D:9-12

Altars:
Ashenzari
Dithmenos
Elyvilon
Hepliaklqana
Kikubaaqudgha
Makhleb
Nemelex Xobeh
Qazlal
Ru
Trog
Uskayaw
Vehumet
Wu Jian
Xom
Zin
The Shining One

Shops:
D:5 ((


Innate Abilities, Weirdness & Mutations

You reflexively headbutt those who attack you in melee.
You have a pair of horns on your head.


Message History

There is a staircase back to the Dungeon here.
The spiny frog barely misses you.
You climb upwards.
Welcome back to the Dungeon!
The death yak gores you but does no damage.
There is a staircase to the Lair here.
As you read the scroll of teleportation, it crumbles to dust.
You feel strangely unstable. You block the spiny frog's attack.
You block the death yak's attack. You block the spiny frog's attack.
Your surroundings suddenly seem different.
You start resting.
Some of the chunks of flesh in your inventory have rotted away.
All of the chunks of flesh in your inventory have rotted away.
HP restored.
Welcome back, Pisosu the Minotaur Fighter.
Trog says: Kill them all!
Press ? for a list of commands and other information.
Are you sure you want to abandon this character and quit the game? (Confirm with "yes".)
Okay, then.
Are you sure you want to abandon this character and quit the game? (Confirm with "yes".)

# #. . ### ##. #.#
##.# #.### ##..#
#...### #..@#.#
###...... #..#..##
###..#####.
#......###.....#
##
#..##.......###.##
#.# #..##..##
#..#### .#
#..###..# #..<...
## #..#
#..###....(.
##..####..#..####.
#..Y.###....Y# ##


There were no monsters in sight!

Vanquished Creatures
  A two-headed ogre (D:8)
  Pikel (D:6)
  A black mamba (Lair:1)
  Grinder (D:6)
  A hippogriff (D:8)
  6 yaks (Lair:1)
  A basilisk (D:9)
  A water moccasin (Lair:1)
  A porcupine (D:8)
  A black bear (D:9)
  An orc warrior (D:9)
  4 slaves (D:6)
  5 sky beasts
  2 ogres
  4 phantoms
  3 centaurs
  3 wolves
  4 bullfrogs
  5 scorpions
  4 killer bees (D:7)
  3 howler monkeys
  A bullfrog zombie (D:8)
  A centaur zombie (D:6)
  2 hounds
  Crazy Yiuf (D:5)
  6 jellies
  3 orc priests
  10 orc wizards
  2 bullfrog skeletons
  5 iguanas
  4 worker ants
  A hell rat (D:8)
  A hound zombie (D:8)
  4 worker ant zombies
  A howler monkey skeleton (D:4)
  4 gnolls (D:5)
  14 adders
  2 river rats
  3 shadow imps
  7 oozes
  An adder zombie (D:9)
  An adder skeleton (D:6)
  5 worms
  3 dart slugs
  3 leopard geckos
  38 orcs
  7 giant cockroaches
  14 goblins
  4 hobgoblins
  22 jackals
  6 quokkas
  2 ball pythons
  A ball python skeleton (D:5)
  7 bats
  6 frilled lizards
  A jackal skeleton (D:4)
  9 kobolds
  A quokka skeleton (D:4)
  7 rats
263 creatures vanquished.

Vanquished Creatures (others)
  An orc wizard (D:5)
  A fungus (Lair:1)
  A plant (Lair:1)
3 creatures vanquished.

Grand Total: 266 creatures vanquished

Notes
Turn   | Place    | Note
-------+----------+-------------------------------------------
     0 | D:1      | Pisosu the Minotaur Fighter began the quest for the Orb.
     0 | D:1      | Reached XP level 1. HP: 19/19 MP: 0/0
    85 | D:1      | Reached XP level 2. HP: 25/27 MP: 1/1
   557 | D:1      | Reached skill level 3 in Axes
   557 | D:1      | Reached XP level 3. HP: 33/33 MP: 2/2
  1213 | D:2      | Reached XP level 4. HP: 28/40 MP: 3/3
  1591 | D:2      | Reached skill level 4 in Axes
  1709 | D:3      | Reached XP level 5. HP: 47/47 MP: 4/4
  2113 | D:3      | Reached skill level 5 in Shields
  2161 | D:3      | Reached skill level 5 in Axes
  2374 | D:3      | Reached XP level 6. HP: 52/53 MP: 5/5
  2749 | D:5      | Entered Level 5 of the Dungeon
  2960 | D:5      | Reached skill level 6 in Axes
  3125 | D:5      | Reached skill level 5 in Armour
  3175 | D:5      | Reached XP level 7. HP: 41/60 MP: 6/6
  3272 | D:5      | Reached skill level 5 in Fighting
  4175 | D:5      | Reached skill level 7 in Axes
  4380 | D:5      | Found a stormy altar of Qazlal.
  4513 | D:5      | Found Dol Qonn's Antique Weapon Emporium.
  4522 | D:5      | Found Plog's Antique Weapon Shoppe.
  4714 | D:5      | Found a runed door.
  4896 | D:5      | Noticed Crazy Yiuf
  4900 | D:5      | Killed Crazy Yiuf
  4952 | D:6      | Found a staircase to the Ecumenical Temple.
  4956 | D:6      | Reached XP level 8. HP: 61/68 MP: 7/7
  4983 | Temple   | Entered the Ecumenical Temple
  5042 | Temple   | Became a worshipper of Trog the Wrathful
  5302 | D:6      | Reached skill level 8 in Axes
  5357 | D:6      | Noticed Pikel
  5371 | D:6      | Killed Pikel
  5400 | D:6      | Noticed Grinder
  5411 | D:6      | Killed Grinder
  5411 | D:6      | Reached XP level 9. HP: 43/75 MP: 8/8
  5523 | D:6      | Reached skill level 9 in Axes
  5856 | D:6      | Reached * piety under Trog
  6307 | D:7      | Found a sparkling altar of Nemelex Xobeh.
  6914 | D:8      | Found a shadowy altar of Dithmenos.
  6944 | D:8      | Reached skill level 10 in Axes
  7188 | D:8      | Reached ** piety under Trog
  7686 | D:8      | Reached XP level 10. HP: 86/86 MP: 9/9
  7924 | D:9      | Found a staircase to the Lair.
  7925 | D:9      | Noticed a death yak
  7927 | D:9      | Noticed a death yak
  7928 | D:9      | Noticed a death yak
  8118 | D:9      | Noticed a two-headed ogre
  8144 | D:8      | Killed a two-headed ogre
  8144 | D:8      | Reached skill level 11 in Axes
  8144 | D:8      | Reached skill level 10 in Shields
  8793 | D:9      | Reached *** piety under Trog
  8957 | D:8      | Identified a scroll of acquirement
  9428 | Lair:1   | Entered Level 1 of the Lair of Beasts
  9465 | Lair:1   | Noticed a black mamba
  9484 | Lair:1   | Killed a black mamba
  9484 | Lair:1   | Reached skill level 12 in Axes
  9676 | Lair:1   | Noticed a spiny frog
  9839 | D:9      | Quit the game

Skill      XL: |  1  2  3  4  5  6  7  8  9 10 |
---------------+-------------------------------+-----
Shields        | 4 5 6 8 9 10 | 10.8
Armour         | 4 5 6 7 8 9 |  9.6
Fighting       | 4 5 6 7 8 |  8.5
Axes           | 3 4 5 6 7 8 10 12 | 12.2
Evocations     | |  0.4

Action                   |  1- 3 |  4- 6 |  7- 9 | 10-12 || total
-------------------------+-------+-------+-------+-------++-------
Melee: War axe           |   134 |   228 |   282 |   117 ||   761
       Headbutt          |    21 |    31 |    55 |    28 ||   135
Invok: Burn Spellbooks   |       |       |     1 |       ||     1
Evoke: Wand              |       |       |       |     2 ||     2
  Use: Scroll            |       |     2 |     3 |    11 ||    16
       Potion            |       |     2 |       |     3 ||     5
  Eat: Chunk             |     1 |     7 |     4 |     7 ||    19
       Ration            |       |       |     3 |       ||     3
Armor: Scale mail        |    72 |    90 |    69 |    21 ||   252
Dodge: Dodged            |    25 |    30 |    38 |    17 ||   110
Block: Shield            |    16 |       |       |       ||    16
       Large shield      |    91 |   202 |   201 |   103 ||   597
